 Dungeon Crawl Stone Soup version 0.29.1-15-g9cfb28693d (webtiles) character file.

Game seed: 13033040574530968184

733 javelincjr the Magician (level 8, -6/58 HPs)
             Began as a Djinni Conjurer on Mar 9, 2023.
             Was an Initiate of Makhleb.
             Killed from afar by a white imp (19 damage)
             ... with a puff of frost
             ... on level 5 of the Dungeon.
             The game lasted 00:13:03 (5833 turns).

javelincjr the Magician (Djinni Conjurer)           Turns: 5833, Time: 00:13:03

Health: -6/58      AC:  2    Str:  8    XL:     8   Next: 4%
Gold:   58         EV: 14    Int: 21    God:    Makhleb [......] SH:  0 Dex: 17

rFire   + + .      SeeInvis .   i - +4 dagger
rCold   x . .      Faith    .   (no shield)
rNeg    . . .      Spirit   .   a - +0 robe
rPois   ∞          Reflect  .   (no helmet)
rElec   .          Harm     .   (no cloak)
rCorr   .          Rampage  .   (no gloves)
Will    .....                   (boots unavailable)
Stlth   ++........              (no amulet)
HPRegen 0.19/turn               c - +6 ring of dexterity
MPRegen 0.00/turn               (no ring)

@: flying
A: sickness immunity, fire resistance 2, cold vulnerability 1, float, innate
caster, HP casting, extra vitality 1
a: Renounce Religion


You were on level 5 of the Dungeon.
You worshipped Makhleb.
Makhleb was noncommittal.
You visited 1 branch of the dungeon, and saw 5 of its levels.

You collected 274 gold pieces.
You spent 216 gold pieces at shops.

Inventory:

Hand Weapons
 i - a +4 dagger (weapon)
 n - a +1 mace of holy wrath
 u - a +0 mace of protection
Armour
 a - a +0 robe (worn)
 q - the +1 scale mail of Tiagerul {rElec SInv}
   (You bought it in a shop on level 4 of the Dungeon)

   rElec:     It insulates you from electricity.
   SInv:      It lets you see invisible.
Jewellery
 c - a +6 ring of dexterity (left hand)
Wands
 l - a wand of flame (58)
Scrolls
 d - 5 scrolls of teleportation {unknown}
 e - 4 scrolls of identify {unknown}
 h - 2 scrolls of blinking {unknown}
 j - 2 scrolls of enchant weapon {unknown}
 p - 2 scrolls of fog {unknown}
 s - 3 scrolls of noise {unknown}
 v - a scroll of immolation {unknown}
Potions
 b - 4 potions of heal wounds {unknown}
 f - a potion of might {unknown}
 g - a potion of attraction {unknown}
 k - 3 potions of brilliance {unknown}
 m - a potion of degeneration {unknown}
 o - a potion of cancellation {unknown}
 r - a potion of resistance {unknown}
 t - a potion of curing {unknown}
 w - a potion of ambrosia {unknown}


   Skills:
 * Level 4.0 Fighting
 + Level 2.8 Armour
 + Level 4.0 Dodging
 + Level 3.2 Stealth
 * Level 4.7 Spellcasting


You couldn't memorise any spells.
You knew the following spells:

 Your Spells              Type           Power      Damage    Failure   Level
a - Magic Dart            Conj           96%        1d7       1%          1
b - Searing Ray           Conj           48%        2d6       2%          2
c - Dazzling Flash        Conj/Hex       48%        N/A       4%          3
d - Fulminant Prism       Conj/Hex       12%        3d9       16%         4
e - Iskenderun's Mystic   Conj/Tloc      24%        2d7       16%         4
f - Freeze                Ice            96%        1d11      1%          1
g - Wereblood             Tmut           24%        N/A       2%          2
h - Poisonous Vapours     Pois/Air       48%        N/A       2%          2
Your spell library was empty.

Dungeon Overview and Level Annotations

Branches:
Dungeon (5/15)
 Temple: D:4-7

Altars:
Makhleb
Xom

Shops:
D:2 !   D:4 [


Innate Abilities, Weirdness & Mutations

You are immune to sickness and miasma.
You are immune to poison.
Your flesh is very heat resistant. (rF++)
You are vulnerable to cold. (rC-)
You float through the air rather than walking.
You learn spells naturally, not from books.
Your magical power is your life essence.
You have superior vitality. (+4 MHP)


Message History

w - a fizzy orange potion
l - a wand of flame (58) (gained 19 charges)
You now have 58 gold pieces (gained 12).
HP restored.
A white imp comes into view.
You see here the +8 quarterstaff "Lofohuc" {venom, Contam Fly rC+ Int+5}.
The magic dart hits the white imp.
The white imp is heavily wounded.
The white imp gestures at you. The puff of frost hits you!
You feel a terrible chill!
The magic dart hits the white imp but does no damage.
The white imp is heavily wounded.
The white imp gestures at you. The puff of frost hits you!
You feel a terrible chill!
The magic dart hits the white imp but does no damage.
The white imp is heavily wounded.
The white imp gestures at you. The puff of frost hits you!
You feel a terrible chill!
You are too injured to fight recklessly!
Casting: Magic Dart (safe; 1% risk of failure)
Confirm with . or Enter, or press ? or * to list all spells.
Aiming: Magic Dart (safe; 1% risk of failure)
Press: ? - help, Shift-Dir - straight line, f/p - white imp
Aim: a white imp (heavily wounded, 100% to hit)
The magic dart hits the white imp.
The white imp is heavily wounded.
The white imp gestures at you. The puff of frost hits you!
You feel a terrible chill!
* * * LOW HITPOINT WARNING * * *
Casting: Magic Dart (safe; 1% risk of failure)
Confirm with . or Enter, or press ? or * to list all spells.
Aiming: Magic Dart (safe; 1% risk of failure)
Press: ? - help, Shift-Dir - straight line, f/p - white imp
Aim: a white imp (heavily wounded, 100% to hit)
The magic dart hits the white imp.
The white imp is almost dead.
* * * LOW HITPOINT WARNING * * *
The white imp gestures at you. The puff of frost hits you!!
You feel a terrible chill!
You die...

.# ####### #######.##
#.....# #........#
#.....######........# #
#...................# 5.
#...................#...
#............###........
#####........# #...##...
#........# #@..# #
#........# #...#
#........# #...#
#........###...#
#...........####
#..<......#.
#...[....##.
###########.


You could see a white imp.

Vanquished Creatures
  Sigmund (D:3)
  A black bear (D:4)
  A centaur (D:4)
  2 scorpions
  2 hounds (D:4)
  An orc priest (D:3)
  An orc wizard (D:3)
  8 adders
  A shadow imp (D:4)
  A worm (D:4)
  4 dart slugs
  14 orcs
  4 ball pythons
  8 endoplasms
  2 giant cockroaches
  3 hobgoblins
  5 kobolds
  A quokka (D:1)
  6 bats
  A frilled lizard (D:3)
  9 goblins
  2 rats
  A spectral hobgoblin (D:2)
79 creatures vanquished.

Vanquished Creatures (others)
  4 fulminant prisms
4 creatures vanquished.

Grand Total: 83 creatures vanquished

Notes
Turn   | Place    | Note
-------+----------+-------------------------------------------
     0 | D:1      | javelincjr the Djinni Conjurer began the quest for the Orb.
     0 | D:1      | javelincjr set off with the following spells memorised:
                  | Magic Dart, Searing Ray, Dazzling Flash, Fulminant Prism,
                  | Iskenderun's Mystic Blast.
     0 | D:1      | Reached XP level 1. HP: 15/15 MP: 0/0
   411 | D:1      | Reached XP level 2. HP: 18/21 MP: 0/0
   764 | D:1      | You are sucked into a shaft and drop 1 floor!
   867 | D:2      | Reached XP level 3. HP: 23/26 MP: 0/0
   867 | D:2      | Learned a level 1 spell: Freeze
   964 | D:2      | Reached skill level 1 in Fighting
  1547 | D:2      | Found a faded altar of an unknown god.
  1611 | D:2      | Found Subruly's Distillery.
  1760 | D:2      | Reached XP level 4. HP: 28/32 MP: 0/0
  1837 | D:2      | Reached skill level 1 in Armour
  2825 | D:3      | Reached XP level 5. HP: 26/38 MP: 0/0
  2825 | D:3      | Learned a level 2 spell: Wereblood
  3359 | D:3      | Found a shimmering altar of Xom.
  3360 | D:3      | Found a shimmering altar of Xom.
  3361 | D:3      | Found a shimmering altar of Xom.
  3362 | D:3      | Found a shimmering altar of Xom.
  3365 | D:3      | Found a shimmering altar of Xom.
  3366 | D:3      | Found a shimmering altar of Xom.
  3366 | D:3      | Noticed Sigmund
  3374 | D:3      | Killed Sigmund
  3375 | D:3      | Reached XP level 6. HP: 23/45 MP: 0/0
  4132 | D:4      | Reached XP level 7. HP: 31/50 MP: 0/0
  4132 | D:4      | Learned a level 2 spell: Poisonous Vapours
  4692 | D:4      | Found Ifoibus's Antique Armour Emporium.
  4703 | D:4      | Bought a dazzling scale mail for 216 gold pieces
  4703 | D:4      | Identified the +1 scale mail of Tiagerul {rElec SInv} (You
                  | bought it in a shop on level 4 of the Dungeon)
  4774 | D:4      | Found a burning altar of Makhleb.
  4793 | D:4      | Became a worshipper of Makhleb the Destroyer
  5759 | D:5      | Entered Level 5 of the Dungeon
  5765 | D:5      | Reached XP level 8. HP: 49/58 MP: 0/0
  5828 | D:5      | Identified the +8 quarterstaff "Lofohuc" {venom, Contam Fly
                  | rC+ Int+5}
  5833 | D:5      | Killed from afar by a white imp

Illustrated notes

Levels and vault maps discovered:
D:1:      lemuel_arrival_broad_hall, layout_loops_ring, minmay_unequal
D:2:      layout_basic, dreamdust_ecumenical_altar_drowned_temple, serial_shops,
          nicolae_shop_waterfront
D:3:      layout_loops_ring, xom_redecorated, chequers_mini_garden,
          corexii_leaking_fountain, uniq_sigmund
D:4:      black_bear_nest_2, layout_loops_corners, makhleb_heckhound_becter,
          serial_shops, shop, minmay_cupped
D:5:      dreamdust_elfheim, layout_basic,
          nicolae_hepliaklqana_ecumenical_no_more,
          mainiacjoe_overflow_tiny_flanked, general_overflow_altar,
          minmay_temple_entry_drinking_statues, minmay_misc_feat_rows

Skill      XL: |  1  2  3  4  5  6  7 |
---------------+----------------------+-----
Stealth        | 2 3 |  3.2
Fighting       | 1 2 3 4 |  4.0
Armour         | 1 2 |  2.8
Dodging        | 3 4 |  4.0
Spellcasting   | 4 |  4.7

Action                   |  1- 3 |  4- 6 |  7- 9 || total
-------------------------+-------+-------+-------++-------
 Cast: Magic Dart        |    51 |    67 |    62 ||   180
       Searing Ray       |       |    10 |     4 ||    14
       Fulminant Prism   |       |     3 |     1 ||     4
       Iskenderun's Myst |       |     2 |     2 ||     4
       Poisonous Vapours |       |       |     1 ||     1
Armor: Robe              |     2 |     5 |       ||     7
Dodge: Dodged            |       |    11 |     5 ||    16
